 Dungeon Crawl Stone Soup version 0.31.0-9-g3a7656b989 (webtiles) character file.

Game seed: 14539414135215418021

11886 SnakkuSnakku7 the Basher (level 12, -9/97 HPs)
             Began as a Formicid Delver on Jan 25, 2024.
             Was an Elder of Wu Jian.
             Mangled by a wolf spider (13 damage)
             ... in a Gauntlet.
             The game lasted 00:20:30 (10278 turns).

SnakkuSnakku7 the Basher (Formicid Delver)         Turns: 10278, Time: 00:20:31

Health: -9/97      AC: 12    Str: 20    XL:     12   Next: 13%
Magic:  12/12      EV:  9    Int: 12    God:    Wu Jian [****..]
Gold:   610        SH:  0    Dex: 30    Spells: 11/11 levels left

rFire   . . .        a - +2 flail (protect)
rCold   . . .        (no shield)
rNeg    + . .        q - +0 crystal plate armour
rPois   +            (helmet unavailable)
rElec   .            G - +0 cloak {Stlth+}
rCorr   .            (no gloves)
SInv    +            d - +0 pair of boots of Doginioh {rPois rN+ Dex+9}
Will    ++...        o - amulet of regeneration Stlth
                     y - +6 ring of dexterity
HPRegen 1.16/turn    F - +5 ring of evasion
MPRegen 0.13/turn

%: no passive effects
@: corroded, enlightened, flying
A: permanent stasis, dig shafts and tunnels, antennae 3, four strong arms
a: Dig, Renounce Religion, Wall Jump, Serpent's Lash


You were in a Gauntlet.
You worshipped Wu Jian.
Wu Jian was greatly pleased with you.
You visited 3 branches of the dungeon, and saw 13 of its levels.
You also visited: Bailey and Gauntlet.

You collected 727 gold pieces.
You spent 117 gold pieces at shops.

Inventory:

Hand Weapons
 a - a +2 flail of protection (weapon)
 b - a +4 battleaxe of freezing
 E - the +8 war axe "Hellblazer" {flame, Int+2}
   (You found it on level 6 of the Dungeon)

   Int+2:     It affects your intelligence (+2).
Missiles
 u - 2 curare-tipped darts (quivered)
 x - 17 poisoned darts
 A - 4 throwing nets
Armour
 d - the +0 pair of boots of Doginioh (worn) {rPois rN+ Dex+9}
   (You found it on level 1 of the Lair of Beasts)

   Dex+9:     It affects your dexterity (+9).
   rPois:     It protects you from poison rN+: It protects you from negative
   energy.
 n - a +1 leather armour of cold resistance
 p - a scarf of repulsion
 q - a +0 crystal plate armour (worn)
 G - a +0 cloak of stealth (worn)
Jewellery
 k - a +6 ring of intelligence
 o - an amulet of regeneration (around neck)
 y - a +6 ring of dexterity (left hand)
 F - a +5 ring of evasion (right hand)
 K - the ring "Fizewamm" {Int+6 Slay+2 Stlth+}
   (You found it in a Gauntlet)

   [ring of intelligence]

   Int+6:     It affects your intelligence (+6).
   Slay+2:    It affects your accuracy & damage with ranged weapons and melee
   (+2).
   Stlth+:    It makes you more stealthy.
Wands
 f - a wand of digging (7)
 z - a wand of light (2)
 D - a wand of roots (6)
Scrolls
 c - 2 scrolls of fog
 g - 3 scrolls of enchant weapon
 h - a scroll of vulnerability
 r - 2 scrolls of identify
 s - a scroll of poison
 t - a scroll of silence
 w - a scroll of fear
 B - 2 scrolls of immolation
 C - a scroll of amnesia {unknown}
Potions
 e - 3 potions of attraction
 i - a potion of ambrosia
 j - 2 potions of curing
 l - a potion of might
 m - a potion of enlightenment
 v - 2 potions of brilliance
 J - a potion of magic {unknown}
Miscellaneous
 I - a condenser vane


   Skills:
 - Level 10.0 Fighting
 + Level 6.4(11.1) Axes
 - Level 14.0(14.5) Maces & Flails
 - Level 6.3 Armour
 - Level 1.7 Dodging
 - Level 6.0 Stealth


You had 11 spell levels left.
You didn't know any spells.
Your spell library contained the following spells:

 Spells                   Type           Power      Damage    Failure   Level
 Magic Dart               Conj           0%         1d3       100%        1
 Call Imp                 Summ           0%         N/A       100%        2
 Call Canine Familiar     Summ           0%         N/A       100%        3
 Fugue of the Fallen      Necr           0%         N/A       100%        3
 Ozocubu's Armour         Ice            0%         N/A       100%        3
 Sigil of Binding         Hex            0%         N/A       100%        3
 Cause Fear               Hex            0%         N/A       100%        4
 Dimensional Bullseye     Hex/Tloc       0%         N/A       100%        4
 Manifold Assault         Tloc           0%         N/A       100%        4
 Fireball                 Conj/Fire      0%         3d3       100%        5
 Dragon's Call            Summ           0%         N/A       100%        9
 Blink                    Tloc           Unusable   N/A       N/A         2

Dungeon Overview and Level Annotations

Branches:
Dungeon (11/15)            Temple (1/1) D:6            Lair (1/5) D:10
 Bailey (visited)         Gauntlet (1/1)
    Orc: D:9-12

Altars:
Ashenzari
Cheibriados
Dithmenos
Elyvilon
Fedhas
Gozag
Hepliaklqana
Kikubaaqudgha
Makhleb
Nemelex Xobeh
Okawaru
Qazlal
Ru
Sif Muna
Trog
Uskayaw
Vehumet
Wu Jian
Xom
Yredelemnul
Zin
The Shining One

Shops:
D:2 !   D:4 (

Annotations:
Gauntlet 4 transporters, exclusions: oklob plant and orange crystal statue


Innate Abilities, Weirdness & Mutations

You cannot be hasted, slowed, berserked, paralysed or teleported.
You can dig through walls and to a lower floor.
You have a pair of large antennae on your head. (SInv)
Your four strong arms can wield two-handed weapons with a shield.


Message History

The wolf spider hits you!
The wolf spider bites you but does no damage.
Unknown command.
Aiming: Paralyse
Press: ? - help, Shift-Dir - straight line, f/p - wolf spider
Aim: a wolf spider (lightly wounded, chance to affect: 49%)
The wolf spider resists with some effort.
The wolf spider hits you.
The wolf spider bites you but does no damage.
The wolf spider hits you! The wolf spider barely misses you.
Unknown command.
Aiming: Paralyse
Press: ? - help, Shift-Dir - straight line, f/p - wolf spider
Aim: a wolf spider (lightly wounded, chance to affect: 49%)
The wolf spider resists with some effort.
The now-empty wand crumbles to dust.
The wolf spider hits you but does no damage.
The wolf spider bites you but does no damage.
Unknown command.
Unknown command.
Okay, then.
Aiming: Bolt of Light
Press: ? - help, Shift-Dir - straight line, f/p - wolf spider
Aim: a wolf spider (lightly wounded, 71% to hit)
The bolt of light hits the wolf spider!
The wolf spider is heavily wounded.
The wolf spider is blinded.
The wolf spider hits you!
The wolf spider bites you but does no damage.
The wolf spider hits you!
* * * LOW HITPOINT WARNING * * *
The wolf spider barely misses you.
Unknown command.
You feel better. The wolf spider barely misses you. x2
You feel very buoyant.
You fly up into the air.
The wolf spider hits you!
* * * LOW HITPOINT WARNING * * *
The wolf spider barely misses you. x2; The wolf spider bites you!
* * * LOW HITPOINT WARNING * * *
The wolf spider hits you!
You die...

#.#...8...#.##
≈.#.#####.#.≈##
≈.#...3...#.≈≈#
≈.#.#####.#.≈##
#.#.{.....#.## ###
≈.#.......#..###≈##
≈.#########...#≈≈≈#
≈....#§..8#...#...#
#..8.#...©#.8.#.@.#
≈....#©..8#.⌠.#.8s#
≈.#########.8.#.©.#
≈.#.".©##.#...#.8.#
#.#..[##..#...#.©.#
≈.#..##§..#.8.#.8.#
≈.#.##©.#.#.∩.#.©..
≈.#.#..##.#.8.#.8.#.
{
#.#...##..#...#.©.#.


You could see a wolf spider (blind, unable to see you).

Vanquished Creatures
  3 death yaks
  An obsidian statue (Gauntlet)
  A gargoyle (D:10)
  Maggie (D:6)
  Jeremiah (D:6)
  A komodo dragon (D:10)
  A troll (D:11)
  2 hornets
  Grinder (D:4)
  Prince Ribbit (D:7)
  2 vampires
  A wyvern (D:8)
  2 ynoxinuls (D:9)
  A shadow (D:10)
  9 yaks
  Edmund (D:5)
  2 acid dragons (Gauntlet)
  2 water moccasins
  3 orc warriors
  An ice beast (D:8)
  5 ogres
  7 wolves (Bailey)
  3 centaurs
  A phantom (D:6)
  2 kobold brigands
  3 bullfrogs
  8 gnoll sergeants (Bailey)
  16 wights
  3 killer bees (D:9)
  A howler monkey (D:6)
  An electric eel (D:9)
  3 bombardier beetles
  Crazy Yiuf (D:6)
  A jelly (D:6)
  6 gnoll boudas
  5 hounds
  5 orc priests
  7 orc wizards
  2 iguanas
  19 gnolls
  7 adders
  A shadow imp (D:6)
  9 ufetubi
  3 dart slugs (D:2)
  4 ribbon worms
  40 orcs
  6 endoplasms
  2 giant cockroaches
  10 goblins
  11 hobgoblins
  8 jackals
  4 quokkas
  7 ball pythons
  7 bats
  A frilled lizard (D:2)
  14 kobolds
  6 rats
276 creatures vanquished.

Notes
Turn   | Place    | Note
-------+----------+-------------------------------------------
     0 | D:5      | SnakkuSnakku7 the Formicid Delver began the quest for the
                  | Orb.
     0 | D:5      | Reached XP level 1. HP: 18/18 MP: 1/1
    36 | D:5      | Reached XP level 2. HP: 14/24 MP: 2/2
    86 | D:5      | Noticed an ogre
   110 | D:4      | Noticed Grinder
   272 | D:4      | Reached skill level 3 in Maces & Flails
   272 | D:4      | Reached XP level 3. HP: 27/29 MP: 3/3
   631 | D:1      | Reached skill level 4 in Maces & Flails
   631 | D:1      | Reached XP level 4. HP: 35/35 MP: 4/4
  1795 | D:2      | Found Zoum's Distillery.
  1806 | D:2      | Bought a potion of curing for 39 gold pieces
  1806 | D:2      | Bought a potion of degeneration for 13 gold pieces
  1806 | D:2      | Bought a potion of heal wounds for 65 gold pieces
  2031 | D:3      | Reached XP level 5. HP: 41/41 MP: 5/5
  2140 | D:3      | Reached skill level 5 in Maces & Flails
  2692 | D:4      | Found an opulent altar of Gozag.
  2781 | D:4      | Reached XP level 6. HP: 30/42 MP: 6/6
  2792 | D:4      | Reached skill level 6 in Maces & Flails
  2968 | D:4      | Found a burning altar of Makhleb.
  3003 | D:4      | Killed Grinder
  3004 | D:4      | Reached skill level 7 in Maces & Flails
  3004 | D:4      | Reached XP level 7. HP: 27/52 MP: 7/7
  3125 | D:4      | Found Dayfur's Weapon Shoppe.
  3426 | D:5      | Reached skill level 8 in Maces & Flails
  3466 | D:5      | Found a blossoming altar of Fedhas.
  3483 | D:5      | Noticed Edmund
  3511 | D:5      | Killed Edmund
  3545 | D:5      | Reached XP level 8. HP: 58/58 MP: 8/8
  3564 | D:5      | Found a basalt altar of Yredelemnul.
  3701 | D:5      | Reached skill level 9 in Maces & Flails
  4086 | D:6      | Identified the +8 war axe "Hellblazer" {flame, Int+2}
  4112 | D:6      | HP: 1/53 [wight/+2 long sword of electrocution (18)]
  4236 | D:6      | Noticed Maggie
  4237 | D:6      | Found a staircase to the Ecumenical Temple.
  4244 | D:6      | Killed Maggie
  4245 | D:6      | Reached skill level 10 in Maces & Flails
  4254 | Temple   | Entered the Ecumenical Temple
  4278 | Temple   | Became a worshipper of the Wu Jian Council
  4332 | D:5      | Reached XP level 9. HP: 61/64 MP: 9/9
  4543 | D:6      | Reached skill level 11 in Maces & Flails
  4716 | D:6      | Found a shimmering blue altar of Sif Muna.
  4924 | D:6      | Identified the +7 hammer "Undertaker" {spect, rElec rPois
                  | Will- Stlth+}
  4958 | D:6      | Found a runed translucent door.
  4982 | D:6      | Noticed Crazy Yiuf
  4985 | D:6      | Identified the +1 hammer "Unut Osh" {flame, rF++}
  4986 | D:6      | Identified the +2 hammer "Ogre's Death Toll" {vamp, rPois}
  4997 | D:6      | Killed Crazy Yiuf
  5197 | D:6      | Noticed Jeremiah
  5217 | D:6      | Killed Jeremiah
  5218 | D:6      | Reached skill level 12 in Maces & Flails
  5341 | D:7      | Noticed a hornet
  5404 | D:7      | Found a flagged portal.
  5410 | D:7      | Noticed Prince Ribbit
  5435 | D:7      | Killed a hornet
  5469 | D:7      | Killed Prince Ribbit
  5488 | D:7      | Reached skill level 13 in Maces & Flails
  5497 | Bailey   | Entered a bailey
  5504 | Bailey   | Reached XP level 10. HP: 70/70 MP: 10/10
  5557 | Bailey   | Reached * piety under Wu Jian
  5856 | Bailey   | Reached skill level 14 in Maces & Flails
  6194 | Bailey   | Reached skill level 5 in Fighting
  6970 | D:8      | Reached ** piety under Wu Jian
  6989 | D:8      | Found a sparkling altar of Nemelex Xobeh.
  7433 | D:8      | Reached XP level 11. HP: 87/87 MP: 11/11
  7485 | D:8      | Reached *** piety under Wu Jian
  7969 | D:9      | Reached skill level 10 in Fighting
  7984 | D:9      | Reached skill level 1 in Armour
  8243 | D:9      | Reached skill level 5 in Armour
  8402 | D:9      | Found a snail-covered altar of Cheibriados.
  8703 | D:10     | Entered Level 10 of the Dungeon
  8980 | D:10     | Reached **** piety under Wu Jian
  9172 | D:10     | Reached skill level 1 in Axes
  9285 | D:10     | Found a staircase to the Lair.
  9602 | Lair:1   | Entered Level 1 of the Lair of Beasts
  9602 | Lair:1   | Noticed a death yak
  9605 | Lair:1   | Noticed a death yak
  9625 | D:10     | Killed a death yak
  9678 | Lair:1   | Noticed a death yak
  9708 | D:10     | Killed a death yak
  9830 | Lair:1   | Killed a death yak
  9831 | Lair:1   | Reached skill level 5 in Axes
  9831 | Lair:1   | Reached XP level 12. HP: 80/97 MP: 12/12
  9871 | Lair:1   | Found a gate leading to a gauntlet.
  9885 | Lair:1   | Identified the +0 pair of boots of Doginioh {rPois rN+
                  | Dex+9}
  9901 | Lair:1   | Identified the amulet "Xoheunui" {Faith rF+ MP-9 Int+3}
  9911 | Gauntlet | Entered a Gauntlet
  9911 | Gauntlet | Found a transporter.
  9914 | Gauntlet | Noticed a sixfirhy
  9922 | Gauntlet | Found a transporter.
  9922 | Gauntlet | Found a transporter.
  9923 | Gauntlet | Found a transporter.
  9934 | Gauntlet | Found a transporter.
  9935 | Gauntlet | Found a transporter.
  9936 | Gauntlet | Found a transporter.
  9946 | Gauntlet | Found a transporter.
  9947 | Gauntlet | Found a transporter.
  9951 | Gauntlet | Found a transporter.
  9958 | Gauntlet | Found a transporter.
  9958 | Gauntlet | Found a transporter.
  9959 | Gauntlet | Found a transporter.
  9962 | Gauntlet | Noticed an entropy weaver
  9967 | Gauntlet | Found a transporter.
 10144 | Gauntlet | Noticed a tengu warrior
 10247 | Gauntlet | Identified the ring "Fizewamm" {Int+6 Slay+2 Stlth+}
 10276 | Gauntlet | HP: 2/97 [wolf spider (8)]
 10278 | Gauntlet | Mangled by a wolf spider

Illustrated notes

Levels and vault maps discovered:
D:1:      dpeg_arrival_short_road, layout_loops_corners, st_stairs_1
D:2:      layout_loops_ring, serial_shops, shop
D:3:      layout_rooms
D:4:      layout_loops_corners, overflow_temple_1_default,
          nicolae_gozag_cash_rules_everything_around_me, serial_shops, shop,
          uniq_grinder
D:5:      layout_loops_ring, mainiacjoe_overflow_catch_the_wave, uniq_edmund
D:6:      layout_basic, nicolae_sif_muna_little_library,
          minmay_temple_entry_drinking_statues, uniq_maggie,
          uniq_crazy_yiuf_cottage, uniq_jeremiah
D:7:      layout_rooms, enter_bailey_2, uniq_prince_ribbit1
D:8:      layout_gridville, lemuel_doored_altar, special_room [special_room_orc]
D:9:      layout_stronghold, pf_just_have_faith, nicolae_fort_ynox
D:10:     layout_stronghold, lair_entry_dummy
D:11:     layout_roguey, dancing_weapons_uskayaw
Temple:   bh_familiar_temple
Lair:1:   layout_chaotic_city, gauntlet_entry_generic
Gauntlet: gammafunk_gauntlet_77_escape_option [minmay_gauntlet_arena_77_box,
          minmay_gauntlet_arena_77_p_blocks, minmay_gauntlet_arena_77_two_lines,
          minmay_gauntlet_arena_77_chump_sandwich,
          minmay_gauntlet_arena_77_broken_ladder,
          dreamdust_gauntlet_exit_labyrinth]

Skill      XL: |  1  2  3  4  5  6  7  8  9 10 11 12 |
---------------+-------------------------------------+-----
Maces & Flails | 3 4 5 7 8 10 13 14 | 14.0
Fighting       | 8 10 | 10.0
Armour         | 6 |  6.3
Axes           | 5 6 |  6.4
Dodging        | |  1.7
Stealth        | |  6.0

Action                     |  1- 3 |  4- 6 |  7- 9 | 10-12 || total
---------------------------+-------+-------+-------+-------++-------
  Melee: Mace              |    52 |   276 |    41 |       ||   369
         Punch             |     1 |       |     3 |    19 ||    23
         Flail             |       |       |   201 |   715 ||   916
  Throw: Dart              |     2 |       |       |     1 ||     3
Ability: Dig               |       |     1 |       |       ||     1
         Lunge             |       |       |    12 |    37 ||    49
         Whirlwind         |       |       |       |     9 ||     9
  Evoke: Wand              |       |       |     9 |    12 ||    21
    Use: Scroll            |     1 |     1 |     7 |     7 ||    16
         Potion            |       |     1 |     1 |     6 ||     8
   Stab: Sleeping          |     6 |    12 |     9 |     3 ||    30
         Distracted        |       |     2 |       |     1 ||     3
         Invisible         |       |       |     8 |     9 ||    17
         Paralysed         |       |       |     6 |     3 ||     9
         Fleeing           |       |       |       |     1 ||     1
 Armour: Leather armour    |    27 |   167 |   109 |   211 ||   514
         Crystal plate arm |       |       |       |   377 ||   377
  Dodge: Dodged            |    39 |   187 |   104 |   252 ||   582
         Repelled          |       |     5 |       |       ||     5
